AoeStats
← Spartans

Yucatan

503112740Analyzed
4v4 RM · 1mo ago on Aug 30, 2026· 54m 17s· 8 players
Game mode
Random Map
Map size
Large (8 player)
Population
200
Speed
Normal
Resources
Standard
Victory
Conquest
Starting age
Dark Age
Ending age
Imperial Age
RankedLock teamsTeams togetherTeam positionsShared explorationLock speedFull tech treeHidden civsTurbo modeCheats
Victory
Defeat
🇨🇿 Magyars · Czechia
903
+13
🇬🇧 Ethiopians · United Kingdom
873
+14
🇩🇪 Franks · Germany
868
+15
🇪🇸 Portuguese · Spain
854
+15
🇮🇳 Khmer · India
914
-18
🇮🇳 Bohemians · India
847
-15
🇨🇳 Chinese · China
793
-12
🇮🇳 Italians · India
792
-12
Malai-Chaap
0:34 Loom
14:17 Feudal Age
14:49 Double-Bit Axe
14:47 Fishing Lines
22:06 Castle Age
26:01 Chemistry
31:21 Imperial Age
29:51 Squires
31:47 Wheelbarrow
30:58 Town Watch
31:20 Horse Collar
32:05 Bow Saw
33:04 Hand Cart
34:55 Heavy Plow
39:45 Houfnice
39:55 Cavalier
40:36 Husbandry
41:52 Town Patrol
42:28 Forging
42:09 Fletching
42:19 Padded Archer Armor
42:20 Scale Mail Armor
42:25 Scale Barding Armor
42:46 Ballistics
42:17 Guard Tower
42:33 Siphons
45:37 Two-Man Saw
46:25 Bombard Tower
45:50 Arrowslits
48:33 Iron Casting
47:53 Bodkin Arrow
48:14 Leather Archer Armor
48:14 Chain Mail Armor
48:20 Chain Barding Armor
Spartans
0:28 Loom
11:09 Feudal Age
11:45 Double-Bit Axe
13:32 Stone Mining
18:44 Castle Age
19:28 Wheelbarrow
21:28 Bow Saw
22:52 Horse Collar
27:19 Gold Mining
30:31 Heavy Plow
30:56 Pikeman
31:57 Forging
31:47 Scale Mail Armor
34:09 Iron Casting
33:50 Chain Mail Armor
35:22 Ballistics
36:26 Hand Cart
39:23 Imperial Age
39:00 Gold Shaft Mining
40:11 Double Crossbow
40:15 Heavy Scorpion
41:44 Coinage
42:24 Chemistry
42:51 Conscription
45:25 Halberdier
Diablo
11:05 Feudal Age
17:45 Castle Age
24:32 Loom
30:57 Imperial Age
30:03 Forging
29:54 Scale Mail Armor
29:58 Caravan
30:28 Coinage
30:36 Wheelbarrow
29:54 Gold Mining
29:47 Horse Collar
29:55 Double-Bit Axe
30:35 Stone Mining
35:26 Stone Shaft Mining
36:31 Chemistry
36:00 Elite Skirmisher
37:43 Heavy Plow
39:21 Arson
39:36 Squires
41:00 Elite Genoese Crossbowman
46:21 Crossbowman
49:54 Ballistics
50:24 Iron Casting
春天里的老人
0:32 Loom
12:01 Feudal Age
16:46 Castle Age
17:10 Double-Bit Axe
17:07 Horse Collar
17:19 Gold Mining
19:12 Wheelbarrow
22:42 Bow Saw
25:31 Stone Mining
31:02 Caravan
36:25 Imperial Age
33:42 Town Watch
35:26 Gold Shaft Mining
35:14 Hand Cart
35:06 Heavy Plow
35:36 Fletching
35:47 Padded Archer Armor
36:36 Squires
36:35 Bodkin Arrow
36:57 Leather Archer Armor
36:43 Heavy Rocket Cart
36:54 Elite Chu Ko Nu
38:29 Bracer
39:00 Ring Archer Armor
39:35 Chemistry
39:22 Conscription
39:33 Scale Mail Armor
39:47 Forging
40:17 Rocketry
46:51 Ballistics
48:26 Chain Mail Armor
48:47 Iron Casting
51:19 Plate Mail Armor
51:50 Blast Furnace
51:02 Pikeman
53:27 Halberdier
Quetzalcoatl
13:37 Feudal Age
12:59 Loom
19:19 Castle Age
17:38 Double-Bit Axe
20:06 Horse Collar
22:08 Wheelbarrow
23:16 Heavy Plow
27:57 Gold Mining
28:02 Stone Mining
28:28 Bow Saw
28:35 Hand Cart
29:10 Caravan
30:22 Gold Shaft Mining
30:23 Stone Shaft Mining
31:20 Scale Mail Armor
31:30 Forging
33:00 Chain Mail Armor
33:21 Iron Casting
32:40 Town Watch
37:08 Imperial Age
36:30 Squires
36:15 Arson
37:14 Royal Heirs
39:06 Chemistry
38:37 Plate Mail Armor
39:07 Blast Furnace
37:30 Elite Shotel Warrior
38:11 Torsion Engines
39:13 Conscription
39:06 Siege Engineers
40:35 Two-Man Saw
40:30 Fortified Wall
40:12 Fletching
Kai_sp
0:51 Loom
12:24 Feudal Age
20:39 Castle Age
19:44 Double-Bit Axe
19:43 Horse Collar
19:57 Gold Mining
20:01 Stone Mining
28:44 Imperial Age
26:33 Bow Saw
26:27 Heavy Plow
30:42 Chemistry
29:54 Siege Engineers
31:07 Ballistics
34:29 Wheelbarrow
37:35 Hand Cart
37:54 Pikeman
38:51 Arquebus
41:56 Cavalier
42:31 Halberdier
44:56 Elite Skirmisher
45:41 Thumb Ring
48:56 Husbandry
49:07 Bloodlines
51:10 Murder Holes
51:33 Gambesons
MarkusVinicius
1:56 Loom
12:47 Feudal Age
13:52 Double-Bit Axe
15:36 Wheelbarrow
20:35 Castle Age
20:24 Gold Mining
20:25 Stone Mining
22:12 Bow Saw
21:45 Horse Collar
22:05 Fletching
22:18 Padded Archer Armor
22:26 Scale Barding Armor
23:48 Gold Shaft Mining
24:11 Heavy Plow
31:31 Bodkin Arrow
31:59 Chain Barding Armor
32:01 Leather Archer Armor
31:41 Town Watch
32:12 Hand Cart
32:43 Corvinian Army
35:33 Imperial Age
33:25 Scale Mail Armor
34:35 Hand Cart
35:22 Ballistics
35:14 Masonry
34:47 Treadmill Crane
36:06 Town Watch
37:41 Two-Man Saw
37:19 Crop Rotation
36:57 Elite Magyar Huszar
39:06 Chemistry
39:43 Plate Barding Armor
42:20 Bloodlines
42:12 Husbandry
42:57 Ring Archer Armor
42:28 Bracer
41:54 Light Cavalry
43:44 Chain Mail Armor
42:51 Pikeman
42:54 Elite Skirmisher
44:02 Parthian Tactics
44:49 Conscription
45:17 Halberdier
46:55 Recurve Bow
48:57 Hoardings
51:08 Thumb Ring
51:59 Hussar
martin.fischer.ac
11:25 Feudal Age
15:50 Castle Age
13:51 Double-Bit Axe
17:45 Husbandry
18:39 Wheelbarrow
18:58 Bow Saw
19:27 Gold Mining
20:02 Loom
23:37 Squires
22:58 Pikeman
23:23 Arson
25:55 Stone Mining
28:41 Hand Cart
29:18 Scale Mail Armor
31:04 Gold Shaft Mining
36:00 Imperial Age
33:16 Town Watch
33:10 Light Cavalry
35:03 Chain Mail Armor
34:58 Forging
34:39 Fletching
35:21 Ballistics
35:12 Fortified Wall
39:41 Scale Barding Armor
39:28 Cavalier
43:15 Conscription
47:26 Chivalry
48:23 Chain Barding Armor
48:40 Iron Casting
Connection lost

Rejoining the realm…

Still unreachable

The connection could not be restored.

Session expired

The server has moved on; the page needs a fresh start.